 Dungeon Sprint DCSS version 0.18.1-50-g88ac8fd (webtiles) character file.

1261 Inkary the Grappler (level 8, 0/92 HPs)
             Began as a Troll Berserker on Sept 20, 2016.
             Was an Elder of Trog.
             Slain by a demonic crawler (6 damage)
             ... in the Dungeon (Sprint I: "Red Sonja").
             The game lasted 00:02:41 (316 turns).

Inkary the Grappler (Troll Berserker)                Turns: 316, Time: 00:02:42

Health: 0/92       AC:  5    Str: 26    XL:     8   Next: 27%
Magic:  7/7        EV: 13    Int:  3    God:    Trog [****..]
Gold:   405        SH:  0    Dex: 11    Spells: 0 memorised, 7 levels left

rFire  . . .     SeeInvis .       - Unarmed
rCold  . . .     Gourm    +     a - +0 animal skin
rNeg   . . .     Faith    .     (no shield)
rPois  .         Spirit   .     (helmet restricted)
rElec  .         Dismiss  .     (no cloak)
rCorr  .         Reflect  .     (gloves unavailable)
SustAt .         Harm     .     (boots unavailable)
MR     ++...     NoTele   +     (no amulet)
Stlth  +.........               (no ring)
                                (no ring)

@: exhausted, regenerating, slowed, very slow, very resistant to hostile
enchantments, very unstealthy
A: unfitting armour, claws 3, fast metabolism 3, gourmand, regeneration 2,
shaggy fur 1, tough skin 2
a: Berserk, Trog's Hand, Brothers in Arms, Burn Spellbooks, Renounce Religion


You were in the Dungeon.
You worshipped Trog.
Trog was greatly pleased with you.
You were very full.

You visited 1 branch You collected 405 gold pieces.

Inventory:

Armour
 a - a +0 animal skin (worn)
Scrolls
 h - a scroll of blinking
Potions
 c - a potion of curing
 d - a potion of heal wounds
 e - a potion of haste
 f - 2 potions of magic
 g - a potion of berserk rage
 i - a potion of cancellation {unknown}
Comestibles
 b - 2 bread rations
 j - 3 chunks of flesh


   Skills:
 + Level 9.0 Fighting
 + Level 8.9 Dodging
 * Level 11.8 Unarmed Combat


You had 7 spell levels left.
You didn't know any spells.

Dungeon Overview and Level Annotations

Branches:
Dungeon (1/1)

Altars:
Cheibriados
Dithmenos
Elyvilon
Fedhas
Gozag
Kikubaaqudgha
Makhleb
Nemelex Xobeh
Okawaru
Pakellas
Qazlal
Ru
Sif Muna
Trog
Vehumet
Xom
Yredelemnul
Zin
The Shining One
Jiyva

Shops:
D :


Innate Abilities, Weirdness & Mutations

You are too large for most types of armour.
You have claws for hands.
Your metabolism is lightning-fast.
You like to eat raw meat.
You heal very quickly.
You are covered in fur (AC +1).
You have very tough skin (AC +2).


Message History

The demonic crawler hits you but does no damage.
The demonic crawler hits you!
The demonic crawler barely misses you. x2
The demonic crawler hits you! x2
* * * LOW HITPOINT WARNING * * *
The demonic crawler hits you!
* * * LOW HITPOINT WARNING * * *
The demonic crawler hits you!
* * * LOW HITPOINT WARNING * * *
The demonic crawler hits you.
* * * LOW HITPOINT WARNING * * *
The demonic crawler hits you.
* * * LOW HITPOINT WARNING * * *
The demonic crawler hits you.
* * * LOW HITPOINT WARNING * * *
The demonic crawler barely misses you.
You are too injured to fight recklessly!
Unknown command.
Unknown command.
The demonic crawler hits you.
You die...

##########################
#<.#..').#..'..#_s#s.'...#
#..'..#..)).#..)@.ss.#...#
#..#####'#####'#__####..s'..#
#..####..#...#)#### ####..+
#..#__####..##[#≈§§ ##
#..#_.___##'#..+≈§§
#⌠⌠#_.∩...'..._#≈≈≈§c#
####_..._##_.#+# +####
#_____###+# #######


You could see 4 demonic crawlers.

Vanquished Creatures
  2 kobold demonologists (D)
  A slime creature (D)
  Sigmund (D)
  A yak (D)
  A giant eyeball (D)
  An ogre (D)
  A jelly (D)
  Ijyb (D)
9 creatures vanquished.

Notes
Turn   | Place    | Note
--------------------------------------------------------------
     0 | D        | Inkary the Troll Berserker began the quest for the Orb.
     0 | D        | Reached XP level 1. HP: 22/22 MP: 0/0
     2 | D        | Noticed Ijyb
     5 | D        | Killed Ijyb
     5 | D        | Reached skill level 4 in Unarmed Combat
     5 | D        | Reached XP level 2. HP: 31/31 MP: 1/1
     8 | D        | Noticed an ogre
    12 | D        | Killed an ogre
    12 | D        | Reached ** piety under Trog
    12 | D        | Reached skill level 5 in Fighting
    12 | D        | Reached skill level 5 in Dodging
    12 | D        | Reached skill level 6 in Unarmed Combat
    12 | D        | Reached XP level 3. HP: 22/42 MP: 2/2
    12 | D        | Reached XP level 4. HP: 26/50 MP: 3/3
    31 | D        | Noticed Sigmund
    48 | D        | Killed Sigmund
    48 | D        | Reached skill level 7 in Unarmed Combat
    48 | D        | Reached XP level 5. HP: 48/61 MP: 4/4
    48 | D        | Reached XP level 6. HP: 54/68 MP: 5/5
    79 | D        | Found a snail-covered altar of Cheibriados.
    79 | D        | Found a viscous altar of Jiyva.
    79 | D        | Found a shadowy altar of Dithmenos.
    79 | D        | Found a blossoming altar of Fedhas.
    79 | D        | Noticed a slime creature
    98 | D        | Killed a slime creature
    98 | D        | Reached skill level 9 in Unarmed Combat
   175 | D        | Found a deep blue altar of Sif Muna.
   177 | D        | Found a radiant altar of Vehumet.
   204 | D        | Found Poboint's Book Emporium.
   204 | D        | Found a white marble altar of Elyvilon.
   204 | D        | Found a stormy altar of Qazlal.
   204 | D        | Found a burning altar of Makhleb.
   204 | D        | Found a sacrificial altar of Ru.
   204 | D        | Found an oddly glowing altar of Pakellas.
   204 | D        | Found a basalt altar of Yredelemnul.
   204 | D        | Found a glowing golden altar of the Shining One.
   204 | D        | Found a sparkling altar of Nemelex Xobeh.
   204 | D        | Found a shimmering altar of Xom.
   204 | D        | Found an opulent altar of Gozag.
   204 | D        | Found an ancient bone altar of Kikubaaqudgha.
   204 | D        | Found a glowing silver altar of Zin.
   204 | D        | Noticed a yak
   205 | D        | Found an iron altar of Okawaru.
   211 | D        | Killed a yak
   211 | D        | Reached *** piety under Trog
   211 | D        | Reached skill level 10 in Unarmed Combat
   211 | D        | Reached XP level 7. HP: 57/80 MP: 6/6
   212 | D        | Found a bloodstained altar of Trog.
   234 | D        | Noticed a centaur warrior
   253 | D        | Noticed a kobold demonologist
   254 | D        | Noticed a kobold demonologist
   283 | D        | Noticed an orange demon
   283 | D        | Killed a kobold demonologist
   286 | D        | Reached skill level 11 in Unarmed Combat
   286 | D        | Reached XP level 8. HP: 89/89 MP: 7/7
   302 | D        | Killed a kobold demonologist
   302 | D        | Reached **** piety under Trog
   309 | D        | Noticed a demonic crawler
   309 | D        | Noticed a demonic crawler
   309 | D        | Noticed a demonic crawler
   309 | D        | Noticed a demonic crawler
   314 | D        | HP: 4/92 [demonic crawler (5)]
   314 | D        | HP: 1/92 [demonic crawler (1)]
   316 | D        | Slain by a demonic crawler

Skill      XL: |  1  2  3  4  5  6  7  8 |
---------------+-------------------------+-----
Fighting       | 3 5 6 8 9 |  9.0
Dodging        | 3 5 6 7 8 |  8.9
Unarmed Combat | 4 6 7 10 11 | 11.8

Action                   |  1- 3 |  4- 6 |  7- 9 || total
-------------------------+-------+-------+-------++-------
Melee: Unarmed           |     4 |    28 |    16 ||    48
       Punch             |       |     4 |     1 ||     5
Invok: Berserk           |     1 |       |     1 ||     2
       Trog's Hand       |       |     3 |     3 ||     6
  Eat: Chunk             |       |     8 |     2 ||    10
Armor: Animal skin       |       |     4 |     7 ||    11
Dodge: Dodged            |     2 |     5 |    10 ||    17
